Map: King Sejong Station LE

Players

Fropez - Winner!

  • Race: Protoss Protoss
  • League: Gold
  • Spawn Location: 11:00

Jon

  • Race: Terran Terran
  • League: Gold
  • Spawn Location: 5:00

VOD

Have the link to the VOD?

Description

Time

  • Played on: Sept. 23, 2016, 11:18 a.m.
  • Length: 12:45
Show
View Real Time Build Order
Export as new Build Order

Fropez Protoss - Winner!

Build Orders: 1 Gate Expand 

Get SALT Encoding   

  12  0:01  Probe (Chrono Boost)  
  13  0:11  Probe (Chrono Boost)  
  14  0:19  Pylon  
  15  0:28  Probe (Chrono Boost)  
  15  0:39  Gateway  
  15  0:40  Probe (Chrono Boost)  
  16  0:45  Assimilator  
  16  0:50  Probe (Chrono Boost)  
  17  1:01  Probe (Chrono Boost)  
  19  1:11  Probe (Chrono Boost)  
  19  1:27  Nexus  
  19  1:34  Pylon  
  19  1:47  Cybernetics Core  
  19  1:49  Probe (Chrono Boost)  
  20  2:01  Probe (Chrono Boost)  
  21  2:13  Pylon  
  21  2:15  Pylon  
  21  2:16  Probe (Chrono Boost)  
  22  2:23  Pylon  
  22  2:31  Mothership Core (Chrono Boost)  
  23  2:41  Assimilator, Warp Gate (Chrono Boost)  
  23  2:44  Adept  
  25  2:52  Probe  
  25  2:54  Pylon  
  25  2:56  Pylon  
  25  2:57  Probe  
  26  3:03  Assimilator  
  26  3:04  Probe  
  28  3:11  Adept  
  30  3:19  Probe  
  31  3:21  Twilight Council  
  31  3:24  Probe  
  32  3:35  Gateway  
  32  3:36  Probe  
  32  3:37  Probe  
  34  3:45  Adept  
  36  3:58  Resonating Glaives (Chrono Boost)  
  36  4:00  Probe  
  37  4:06  Probe  
  38  4:16  Probe  
  39  4:29  Probe x2  
  39  4:30  Robotics Facility  
  41  4:35  Pylon  
  41  4:41  Probe  
  42  4:46  Stalker  
  42  4:48  Stalker  
  42  4:51  Probe  
  47  5:12  Pylon  
  47  5:13  Gateway  
  47  5:14  Pylon  
  47  5:15  Probe  
  47  5:17  Warp Prism  
  47  5:20  Probe  
  51  5:29  Assimilator, Stalker  
  51  5:30  Stalker  
  51  5:35  Probe  
  56  5:36  Probe  
  57  5:45  Gateway x2  
  57  5:51  Gateway  
  57  5:55  Dark Shrine  
  57  5:57  Pylon  
  57  6:00  Adept  
  57  6:02  Adept  
  61  6:24  Adept x2  
  66  6:32  Probe  
  66  6:33  Probe  
  66  6:37  Adept  
  69  6:50  Adept x2  
  73  7:03  Adept  
  73  7:04  Probe  
  73  7:05  Probe  
  69  7:16  Probe  
  58  7:24  Dark Templar  
  58  7:29  Dark Templar  
  60  7:37  Pylon  
  60  7:40  Pylon  
  60  7:42  Probe x2  
  60  7:43  Gateway  
  62  7:44  Gateway  
  62  7:46  Gateway  
  62  7:48  Gateway  
  56  7:57  Probe x2  
  55  8:10  Assimilator  
  54  8:13  Adept x3  
  56  8:59  Probe x2  
  58  9:04  Gateway  
  58  9:06  Gateway  
  58  9:10  Gateway  
  58  9:13  Pylon  
  58  9:17  Adept x5  
  60  9:18  Adept x2  
  60  9:21  Nexus  
  60  9:23  Assimilator  
  72  9:38  Dark Templar x4  
  76  10:35  Probe  
  72  10:36  Probe x2  
  75  10:44  Adept x3  
  75  10:45  Adept x4  
  75  10:47  Adept  
  75  10:48  Probe  
  75  10:49  Adept  
  94  10:55  Stalker  
  96  11:14  Probe x2  
  98  11:19  Pylon, Probe  
  99  11:26  Probe  
  99  11:27  Pylon  
  99  11:30  Pylon  
  99  11:31  Pylon  
  99  11:32  Forge  
  100  11:33  Immortal (Chrono Boost)  
  104  11:44  Stalker x3  
  104  11:45  Stalker x2  
  104  11:46  Stalker x4  
  122  11:47  Stalker x2  
  108  12:32  Stalker x3  
  108  12:33  Stalker x2  
  108  12:34  Stalker x5  
  126  12:41  Dark Templar x2  
Show
View Real Time Build Order
Export as new Build Order

Jon Terran 

Build Orders:  

Get SALT Encoding   

  12  0:10  SCV  
  13  0:28  SCV  
  14  0:36  Supply Depot  
  14  0:40  SCV  
  15  0:47  Refinery  
  15  0:49  Refinery  
  15  0:57  SCV  
  15  0:59  Barracks  
  16  1:09  SCV  
  17  1:25  SCV, Barracks  
  18  1:38  Supply Depot  
  18  1:39  SCV  
  19  1:47  Marine  
  19  1:51  SCV  
  21  2:03  SCV  
  22  2:14  Marine  
  23  2:32  Orbital Command  
  23  2:34  Marine x2  
  25  2:51  Command Center  
  25  2:54  Barracks Tech Lab  
  25  3:02  Engineering Bay  
  25  3:04  Marine  
  26  3:17  Marine  
  26  3:18  SCV  
  28  3:22  Marine  
  29  3:30  Combat Shields  
  29  3:31  Supply Depot  
  29  3:44  Missile Turret  
  29  3:55  Factory  
  29  3:58  Marine, Marauder  
  29  4:01  SCV  
  33  4:03  Missile Turret  
  33  4:05  Terran Infantry Weapons Level 1  
  33  4:24  Missile Turret  
  33  4:28  SCV  
  34  4:36  SCV  
  35  4:40  SCV, Missile Turret x2  
  35  4:42  Widow Mine  
  35  4:44  Refinery  
  38  4:52  Starport, SCV  
  39  4:53  Marine  
  39  4:55  Marine  
  41  5:04  SCV  
  42  5:14  Missile Turret  
  42  5:15  Factory Tech Lab, Liberator, Missile Turret  
  42  5:16  SCV  
  42  5:19  Marine  
  42  5:21  Marauder  
  46  5:22  Concussive Shells  
  49  5:37  Missile Turret  
  49  5:48  Siege Tank  
  52  5:54  SCV  
  52  5:55  Missile Turret  
  53  5:57  SCV  
  53  6:02  Refinery  
  54  6:23  Missile Turret  
  54  6:29  Planetary Fortress  
  54  6:44  Siege Tank  
  54  6:46  Supply Depot  
  50  7:35  Command Center, Starport Tech Lab  
  47  8:00  Widow Mine  
  49  8:11  Command Center  
  49  8:12  Marine x2  
  50  8:28  Widow Mine  
  52  9:09  Missile Turret  
  52  9:18  Marine, Marauder  
  52  9:22  Raven  
  57  9:25  Missile Turret  
  57  9:36  Marine  
  57  9:37  Missile Turret  
  57  9:38  Starport  
  57  9:40  Marauder  
  57  9:45  Planetary Fortress  
  59  9:52  Missile Turret  
  59  9:54  Marine  
  59  9:55  Barracks  
  59  9:56  SCV  
  59  10:00  Marine  
  55  10:08  SCV  
  55  10:11  Marine  
  57  10:18  Marine  
  57  10:20  SCV  
  59  10:32  SCV  
  60  10:36  SCV  
  60  10:40  Refinery  
  61  10:43  Marine, Marauder  
  61  10:44  Marine  
  61  10:48  SCV  
  61  10:49  Missile Turret  
  66  10:53  Missile Turret x2  
  66  11:00  SCV  
  66  11:01  Marine  
  68  11:12  SCV  
  68  11:17  Starport Tech Lab  
  69  11:24  SCV, Sensor Tower  
  70  11:28  SCV  
  71  11:34  Medivac  
  71  11:37  Marine, Marauder  
  76  11:55  Missile Turret  
  76  12:02  Medivac  
Tags
 
Add a new tag
Caveats
  • Supply blocks, unpowered buildings, or Contaminate may cause inaccurate times.
  • Supply counts are checked every 10 seconds.